 Dungeon Crawl Stone Soup version 0.28.0 (webtiles) character file.

Game seed: 3641650954980620907

1 sanka the Magician (level 1, -1/11 HPs)
             Began as a Deep Elf Transmuter on Feb 8, 2022.
             Slain by a goblin (4 damage)
             ... on level 2 of the Dungeon.
             The game lasted 00:00:21 (102 turns).

sanka the Magician (Deep Elf Transmuter)             Turns: 102, Time: 00:00:22

Health: -1/11      AC:  2    Str:  7    XL:     1   Next: 16%
Magic:  6/6        EV: 12    Int: 17    God:
Gold:   20         SH:  0    Dex: 15    Spells: 5/6 levels left

rFire   . . .      SeeInvis .     - Unarmed
rCold   . . .      Faith    .   (no shield)
rNeg    . . .      Spirit   .   a - +0 robe
rPois   .          Reflect  .   (helmet currently unavailable)
rElec   .          Harm     .   (no cloak)
rCorr   .          Rampage  .   (no gloves)
Will    .....                   (boots currently unavailable)
Stlth   +.........              (no amulet)
HPRegen 0.03/turn               (no ring)
MPRegen 0.10/turn               (no ring)

@: appendages (expiring)
A: horns 2, talons 2
a: End Transformation


You were on level 2 of the Dungeon.
You had temporarily grown beastly horns and talons.
You visited 1 branch of the dungeon, and saw 2 of its levels.

You collected 20 gold pieces.

Inventory:

Armour
 a - a +0 robe (worn)
Scrolls
 b - a scroll of blinking {unknown}


   Skills:
 - Level 0.7 Fighting
 - Level 2.4 Dodging
 - Level 2.4 Unarmed Combat
 + Level 3.1 Spellcasting
 - Level 2.1 Transmutations


You had 5 spell levels left.
You knew the following spells:

 Your Spells              Type           Power      Damage    Failure   Level
a - Beastly Appendage     Tmut           20%        N/A       7%          1

Your spell library contained the following spells:

 Spells                   Type           Power      Damage    Failure   Level
 Wereblood                Tmut           10%        N/A       11%         2
 Spider Form              Tmut/Pois      6%         N/A       32%         3
 Ice Form                 Ice/Tmut       6%         N/A       73%         4


Dungeon Overview and Level Annotations

Branches:
Dungeon (2/15)

Altars:


Innate Abilities, Weirdness & Mutations

You have temporarily grown beastly horns and talons.


Message History

The ball python grabs you.
You stop descending the stairs.
The ball python constricts you.
Unknown command.
You closely miss the ball python. The bat hits you. The ball python bites you.
The ball python constricts you.
Unknown command.
You hit the ball python.
The ball python is moderately wounded.
The bat hits you but does no damage. The goblin closely misses you.
The ball python bites you but does no damage.
The ball python constricts you. The goblin closely misses you.
Unknown command.
You escape the ball python's grasp.
The goblin hits you with a +0 dagger.
* * * LOW HITPOINT WARNING * * *
The ball python closely misses you. The ball python barely misses you.
The goblin closely misses you.
You climb downwards.
There is a stone staircase leading up here.
Unknown command.
The goblin hits you with a +0 dagger.
* * * LOW HITPOINT WARNING * * *
Your transformation is almost over.
You hit the ball python.
You kill the ball python!
You hit the goblin.
You kill the goblin!
You closely miss the goblin. You claw the goblin, but do no damage.
The goblin closely misses you.
You closely miss the goblin. Your kick misses the goblin.
A ball python comes into view.
The goblin hits you but does no damage.
You closely miss the goblin.
The ball python hisses angrily.
You claw the goblin.
The goblin is moderately wounded.
The goblin misses you.
You closely miss the goblin.
The goblin is moderately wounded.
The goblin hits you with a +0 club.
You die...

#.######'#
#........#
#........#
##.#####.##
#..###...#
#...#....#######
#.8.#.8.........
#..)#.....######
#.. ##..<..g@.#
#.#####....##.#
#..........# .S.
#..........#
.##..
#.............#
..#
##.##########.#
## #.# .# #.# ##
#.#


You could see a goblin and a ball python.

Vanquished Creatures
  A ball python (D:2)
  A goblin (D:2)
2 creatures vanquished.

Notes
Turn   | Place    | Note
-------+----------+-------------------------------------------
     0 | D:1      | sanka the Deep Elf Transmuter began the quest for the Orb.
     0 | D:1      | Reached XP level 1. HP: 11/11 MP: 6/6
    28 | D:1      | You fall into a shaft and drop 1 floor!
   102 | D:2      | Slain by a goblin

Illustrated notes

Levels and vault maps discovered:
D:1:      lightli_arrival_statuegarden, layout_basic
D:2:      layout_basic, hellmonk_ecumenical_altar_zigzags, minivault_23,
          mrwooster_statue_mirror, grunt_decor_resistance

Action                   || total
-------------------------++-------
Melee: Unarmed           ||     8
       Kick              ||     2
 Cast: Beastly Appendage ||     1
Armor: Robe              ||     3
Dodge: Dodged            ||    11
